 Dungeon Crawl Stone Soup version 0.17.1-2-g5865329 (webtiles) character file.

84443 Peloso the Peltast (level 15, -2/135 HPs)
             Began as a Minotaur Fighter on Feb 15, 2016.
             Was the Champion of Okawaru.
             Killed from afar by a ynoxinul (27 damage)
             ... with an iron shot
             ... summoned by an orc high priest
             ... on level 4 of the Orcish Mines on Feb 16, 2016.
             The game lasted 01:24:24 (26096 turns).

Peloso the Peltast (Minotaur Fighter)              Turns: 26096, Time: 01:24:24

Health: -2/135     AC: 34    Str: 30    XL:     15   Next: 35%
Magic:  15/15      EV: 12    Int:  5    God:    Okawaru [******]
Gold:   1589       SH: 23    Dex: 17    Spells: 0 memorised, 14 levels left

rFire  . . .     SeeInvis +     b - +6 falchion of Qotid {flame, *Noise rN+ Str+6}
rCold  . . .     Clarity  .     O - +6 plate armour "Keluy" {Dex+4}
rNeg   + . .     SustAt   .     f - +0 large shield
rPois  +         Gourm    .     w - +2 hat {SInv}
rElec  .         Spirit   .     A - +0 cloak {+Inv}
rCorr  .         Warding  .     (no gloves)
rMut   .         Stasis   .     l - +2 pair of boots {run}
MR     +....                    (no amulet)
Stlth  ..........               B - ring of poison resistance
                                m - +5 ring of protection

@: very slightly contaminated, drained, quick, somewhat resistant to hostile
enchantments, extremely unstealthy
A: retaliatory headbutt, horns 2, repulsion field 1
a: Heroism, Finesse, Renounce Religion, Evoke Invisibility


You were on level 4 of the Orcish Mines.
You worshipped Okawaru.
Okawaru was exalted by your worship.
You were hungry.

You visited 3 branches of the dungeon, and saw 20 of its levels.
You also visited: Labyrinth and Ice Cave.

You collected 2201 gold pieces.
You spent 612 gold pieces at shops.

Inventory:

Hand Weapons
 a - a +0 long sword
 b - the +6 falchion of Qotid (weapon) {flame, *Noise rN+ Str+6}
   (You bought it in a shop on level 8 of the Dungeon)

   It has been specially enchanted to burn those struck by it, causing extra
   injury to most foes and up to half again as much damage against particularly
   susceptible opponents.
   Big, fiery blades are also staple armaments of hydra-hunters.
   It affects your strength (+6).
   It protects you from negative energy.
   It may make noises in combat.
 c - a +2 battleaxe of freezing
 F - a +2 falchion of holy wrath
Armour
 f - a +0 large shield (worn)
 l - a +2 pair of boots of running (worn)
 w - a +2 hat of see invisible (worn)
 A - a +0 cloak of invisibility (worn)
 E - the cursed +0 helmet of Tenacity {rPois rC++ MR+ Str-4, unknown}
   (You found it in an ice cave)

   It affects your strength (-4).
   It greatly protects you from cold.
   It protects you from poison.
   It affects your resistance to hostile enchantments.
   It has a curse placed upon it.
 O - the +6 plate armour "Keluy" (worn) {Dex+4}
   (Okawaru gifted it to you on level 14 of the Dungeon)

   It affects your dexterity (+4).
Jewellery
 m - a +5 ring of protection (left hand)
 B - a ring of poison resistance (right hand)
Wands
 r - a wand of digging (12)
 x - a wand of cold (6)
 L - a wand of teleportation (7)
 P - a wand of digging (11)
Scrolls
 d - a scroll of fear
 g - 8 scrolls of identify
 h - 4 scrolls of enchant armour
 i - 6 scrolls of recharging
 j - 11 scrolls of remove curse
 o - a scroll of teleportation
 p - 2 scrolls of magic mapping
 v - 4 scrolls of enchant weapon
 Q - a scroll of fog
Potions
 k - 7 potions of curing
 n - a potion of flight
 q - a potion of magic
 s - 4 potions of poison
 u - 2 potions of cancellation
 z - 2 potions of brilliance
 D - 2 potions of mutation
Books
 y - the Handbook of Cold
   (You found it in an ice cave)

   Spells                             Type                      Level
   a - Freeze                         Ice                          1
   b - Throw Frost                    Conjuration/Ice              2
   c - Ozocubu's Armour               Charms/Ice                   3
   d - Condensation Shield            Ice                          4
   e - Simulacrum                     Ice/Necromancy               6
   f - Ozocubu's Refrigeration        Ice                          6
Comestibles
 e - 10 bread rations
 t - 10 meat rations
 C - 24 fruits


   Skills:
 + Level 13.1(11.9) Fighting
 + Level 15.4(14.2) Long Blades
 + Level 14.0(12.8) Armour
 + Level 6.7(5.8) Dodging
 + Level 1.0(0.2) Stealth
 + Level 19.3(18.0) Shields
 + Level 2.2(1.4) Invocations


You had 14 spell levels left.
You didn't know any spells.

Dungeon Overview and Level Annotations

Branches:
Dungeon (15/15)            Temple (1/1) D:7            Lair (0/8) D:8
    Orc (4/4) D:12            Elf (0/3) Orc:3        Vaults (0/5) D:13
 Depths (0/5) D:15

Altars:
Ashenzari
Cheibriados
Dithmenos
Elyvilon
Fedhas
Gozag
Kikubaaqudgha
Makhleb
Nemelex Xobeh
Okawaru
Qazlal
Ru
Sif Muna
Trog
Vehumet
Xom
Yredelemnul
Zin
The Shining One
Beogh

Shops:
D:4 %   D:6 }   D:8 (   D:10 =   D:12 [   Orc:1 :*?(%   Orc:2 :


Innate Abilities, Weirdness & Mutations

You reflexively headbutt those who attack you in melee.
You have a pair of horns on your head.
You are surrounded by a mild repulsion field (EV +2).


Message History

You slash the orc sorcerer! You burn the orc sorcerer.
The orc sorcerer is moderately wounded.
The ynoxinul gestures.
You slash the orc sorcerer! You burn the orc sorcerer.
The orc sorcerer is severely wounded.
You block the orc sorcerer's attack.
You slash the orc sorcerer! You burn the orc sorcerer.
You kill the orc sorcerer!
Okawaru accepts your kill.
Your base Armour skill increases to level 14!
The neqoxec disappears in a puff of smoke!
The white imp disappears in a puff of smoke!
The orc high priest mumbles some strange prayers to Beogh against you.
Pain shoots through your body!
* * * LOW HITPOINT WARNING * * *
Things that are here:
a war axe; a chain mail The ynoxinul gestures at you.
The iron shot hits you!
You die...

.....#.....#.....#*,,,,,,**∩,,***
..........#....#.#*,,,,,,,**,,,*,
#................#**,,,,,,,***,,,
.##....#..#......# **,,,,,,,,,,,,
..#....#.........# **,,,,,,,,,,,
...............#.# *,,***,,,,,,
.............###.# *,,* *,,,,,,
##...#......###..# *,,* *,,,,,,
#......).....###@# *,,* *,,,,⌠,
......#)).#.#.§#)# *,,* *,,,,,,
...#....).....o)o# *,,* *,,,,,,
#.##.....#)....#.# *,,***,,,,,,
###.....##..534###****,,,,,,,,,,,
#.##....)...o..#.#*,,,,,,o.......
...##..))........#*,,,,,,........
....##)))....#o..#*,,,,,**#.§....
......#)))...)...#*,,,,,* #......


You could see a ynoxinul, a red devil, an orc warrior and an orc wizard.

Vanquished Creatures
  A sphinx (D:14)
  A tengu reaver (D:14)
  2 frost giants
  A vault warden (D:13)
  A stone giant (Orc:4)
  The ghost of TugoseryaHuesosov the Nimble, a journeyman DrMo of Cheibriados (IceCv)
  A dire elephant (D:15)
  An ettin (D:14)
  A minotaur (Lab)
  A vault guard (D:13)
  Harold (D:10)
  2 ice dragons
  3 hydras
  Erolcha (D:10)
  A catoblepas (D:14)
  3 rakshasas
  4 tengu warriors
  9 centaur warriors
  2 orc high priests (Orc:4)
  An unseen horror (D:13)
  A deep troll (shapeshifter) (D:14)
  9 hill giants
  A wizard (D:14)
  2 orc knights (Orc:4)
  A deep elf conjurer (D:14)
  A griffon (D:15)
  A salamander (Orc:3)
  A cyclops (shapeshifter) (D:14)
  3 orc sorcerers (Orc:4)
  16 ugly things
  3 cyclopes
  Maurice (D:11)
  3 centaur zombies
  Joseph (D:8)
  An ice statue (IceCv)
  Psyche (D:8)
  3 gargoyles
  A komodo dragon (D:15)
  A yaktaur (D:14)
  The ghost of Zaque the Chucker, an amateur OgHu of the Shining One (D:3)
  10 trolls
  2 tengu conjurers
  A merfolk (D:15)
  2 slime creatures (D:15)
  22 polar bears
  2 hornet zombies
  A harpy skeleton (D:15)
  4 wyverns
  A trapdoor spider (D:12)
  2 wraiths
  Sigmund (D:3)
  4 hippogriffs
  The ghost of Peloso the Shield-Bearer, an amateur MiFi (D:4)
  Eustachio (D:4)
  2 basilisks
  2 deep elf magi
  A fire elemental (Orc:3)
  Grum (D:10)
  2 hungry ghosts
  6 vampire mosquitoes
  43 yaks
  3 water moccasins
  5 wargs
  3 mottled dragons
  A soldier ant (D:14)
  12 ice beasts
  10 wolves
  3 sky beasts
  An eye of draining (D:14)
  22 centaurs
  A trapdoor spider simulacrum (D:11)
  26 orc warriors
  A necrophage (D:5)
  6 boggarts
  2 wasps
  4 phantoms
  2 black bears (D:8)
  2 crocodiles
  7 ogres
  A brain worm (D:14)
  A centaur (shapeshifter) (D:10)
  2 big kobolds
  12 giant frogs
  3 scorpions
  22 killer bees
  11 wights
  A quasit (D:8)
  10 crimson imps
  An electric eel (D:10)
  4 iguanas
  2 giant frog zombies
  Crazy Yiuf (D:3)
  34 orc priests
  A gnoll shaman (D:8)
  4 hounds
  5 jellies
  13 worker ants
  3 centaur skeletons
  A giant frog skeleton (D:11)
  33 orc wizards
  A killer bee zombie (D:11)
  A giant frog simulacrum (D:11)
  A centaur simulacrum (D:11)
  A hound skeleton (D:4)
  A worker ant zombie (D:5)
  Robin (D:3)
  7 adders
  3 gnolls (D:6)
  5 shadow imps
  A white imp (D:11)
  An ooze (D:3)
  4 adder zombies
  2 adder skeletons
  4 worms
  5 giant geckos
  170 orcs
  7 bats
  20 goblins
  3 hobgoblins
  5 jackals
  4 quokkas
  4 ball pythons
  7 giant cockroaches
  A giant newt (D:5)
  A jackal zombie (D:5)
  16 kobolds
  10 rats
  A bush (D:3)
  A fungus (D:3)
765 creatures vanquished.

Vanquished Creatures (others)
  A polar bear (IceCv)
  A vampire mosquito (D:13)
  A wolf (IceCv)
  A jelly (D:14)
4 creatures vanquished.

Grand Total: 769 creatures vanquished

Notes
Turn   | Place    | Note
--------------------------------------------------------------
     0 | D:1      | Peloso the Minotaur Fighter began the quest for the Orb.
     0 | D:1      | Reached XP level 1. HP: 19/19 MP: 0/0
   177 | D:1      | Reached XP level 2. HP: 27/27 MP: 1/1
  1045 | D:2      | Reached skill level 4 in Fighting
  1080 | D:2      | Reached XP level 3. HP: 33/33 MP: 2/2
  1115 | D:2      | Found an opulent altar of Gozag.
  1614 | D:3      | Reached skill level 1 in Dodging
  1648 | D:3      | Reached XP level 4. HP: 24/40 MP: 3/3
  1682 | D:3      | Noticed Zaque's ghost (amateur OgHu)
  1702 | D:3      | Killed Zaque's ghost
  1702 | D:3      | Reached skill level 5 in Armour
  1702 | D:3      | Reached skill level 5 in Shields
  1702 | D:3      | Reached XP level 5. HP: 10/47 MP: 4/4
  1702 | D:3      | Reached XP level 6. HP: 11/55 MP: 5/5
  1960 | D:3      | Reached skill level 5 in Fighting
  1974 | D:3      | Found a snail-covered altar of Cheibriados.
  2044 | D:3      | Noticed Sigmund
  2057 | D:3      | Killed Sigmund
  2057 | D:3      | Reached XP level 7. HP: 37/61 MP: 6/6
  2181 | D:3      | Found a stormy altar of Qazlal.
  2190 | D:3      | Found a blossoming altar of Fedhas.
  2413 | D:3      | Noticed Robin
  2426 | D:3      | Killed Robin
  2556 | D:3      | Found a deep blue altar of Sif Muna.
  2780 | D:3      | Noticed Crazy Yiuf
  2786 | D:3      | Killed Crazy Yiuf
  2786 | D:3      | Reached skill level 5 in Long Blades
  2894 | D:4      | Found Zischoti's Food Boutique.
  2976 | D:4      | Found a shadowy altar of Dithmenos.
  3011 | D:4      | Found a shimmering altar of Xom.
  3084 | D:4      | Found a white marble altar of Elyvilon.
  3084 | D:4      | Noticed Eustachio
  3126 | D:4      | Killed Eustachio
  3126 | D:4      | Reached skill level 6 in Armour
  3211 | D:4      | Reached XP level 8. HP: 30/69 MP: 7/7
  3608 | D:4      | Noticed Peloso's ghost (amateur MiFi)
  3644 | D:4      | Killed Peloso's ghost
  3644 | D:4      | Reached skill level 7 in Shields
  3891 | D:5      | Entered Level 5 of the Dungeon
  4513 | D:5      | Found a burning altar of Makhleb.
  4513 | D:5      | Noticed a balrug
  4516 | D:5      | Noticed an orange demon
  4615 | D:5      | Found a glowing golden altar of the Shining One.
  5221 | D:6      | Found a radiant altar of Vehumet.
  5266 | D:6      | Found a shattered altar of Ashenzari.
  5275 | D:6      | Found Juvich's Gadget Boutique.
  5537 | D:6      | Reached XP level 9. HP: 78/78 MP: 8/8
  5731 | D:6      | Found an opulent altar of Gozag.
  5789 | D:6      | Reached skill level 8 in Shields
  6193 | D:7      | Gained mutation: You are surrounded by a mild repulsion field (EV +2). [potion of beneficial mutation]
  6243 | D:7      | Found a sparkling altar of Nemelex Xobeh.
  6434 | D:7      | Found a staircase to the Ecumenical Temple.
  6440 | Temple   | Entered the Ecumenical Temple
  6691 | D:7      | Found an iron altar of Okawaru.
  6999 | D:7      | Became a worshipper of Warmaster Okawaru
  7493 | D:8      | Noticed Joseph
  7515 | D:8      | Killed Joseph
  7515 | D:8      | Reached * piety under Okawaru
  7816 | D:8      | Noticed Psyche
  7824 | D:8      | Killed Psyche
  7824 | D:8      | Reached skill level 9 in Long Blades
  7833 | D:8      | Found a bloodstained altar of Trog.
  7926 | D:8      | Found Jukhlokh's Weapon Emporium.
  8011 | D:8      | Reached ** piety under Okawaru
  8039 | D:8      | Reached XP level 10. HP: 81/88 MP: 9/9
  8200 | D:8      | Found a staircase to the Lair.
  8844 | D:9      | Reached skill level 10 in Shields
  9046 | D:10     | Entered Level 10 of the Dungeon
  9060 | D:10     | Found Vovuoz's Jewellery Emporium.
  9093 | D:9      | Reached skill level 10 in Long Blades
  9098 | D:9      | Reached *** piety under Okawaru
  9292 | D:10     | Noticed Erolcha
  9313 | D:10     | Killed Erolcha
  9313 | D:10     | Reached skill level 11 in Shields
  9338 | D:10     | Reached **** piety under Okawaru
  9338 | D:10     | Reached skill level 5 in Dodging
  9597 | D:10     | Noticed Grum
  9636 | D:10     | Killed Grum
  9636 | D:10     | Reached XP level 11. HP: 67/95 MP: 10/10
  9737 | D:10     | Reached ***** piety under Okawaru
  9836 | D:10     | Noticed Harold
  9859 | D:10     | Killed Harold
  9859 | D:10     | Reached skill level 12 in Shields
 10698 | D:10     | Noticed an ice dragon
 10744 | D:10     | Killed an ice dragon
 11165 | D:11     | Received a gift from Okawaru
 11174 | D:11     | Noticed a hill giant
 11189 | D:11     | Killed a hill giant
 11189 | D:11     | Reached skill level 10 in Armour
 11363 | D:11     | Reached skill level 13 in Shields
 11366 | D:11     | Noticed Maurice
 11380 | D:11     | Killed Maurice
 11667 | D:11     | Found a frozen archway.
 12233 | D:11     | Noticed a hill giant
 12247 | D:11     | Killed a hill giant
 12247 | D:11     | Reached XP level 12. HP: 106/106 MP: 11/11
 12277 | D:11     | Noticed a tengu warrior
 12300 | D:11     | Killed a tengu warrior
 12300 | D:11     | Reached skill level 10 in Fighting
 13133 | D:8      | Reached skill level 14 in Shields
 13326 | D:8      | You fall through a shaft for 3 floors!
 14305 | D:8      | Bought the +6 falchion of Qotid {flame, *Noise rN+ Str+6} for 612 gold pieces
 14791 | D:12     | Found a staircase to the Orcish Mines.
 14877 | D:12     | Found Dietaihi's Antique Armour Boutique.
 15592 | D:13     | Noticed a rakshasa
 15597 | D:13     | Noticed a seven-headed hydra
 15605 | D:13     | Noticed a vault guard
 15609 | D:13     | Killed a one-headed hydra
 15609 | D:13     | Received a gift from Okawaru
 15615 | D:13     | Killed a rakshasa
 15640 | D:13     | Killed a vault guard
 15713 | D:13     | Reached skill level 15 in Shields
 15715 | D:13     | Found a labyrinth entrance.
 15724 | Lab      | Entered a labyrinth
 15805 | Lab      | Noticed a minotaur
 15814 | Lab      | Killed a minotaur
 16043 | D:13     | Reached ****** piety under Okawaru
 16240 | D:13     | Reached XP level 13. HP: 111/115 MP: 12/12
 16246 | D:13     | Received a gift from Okawaru
 16249 | D:13     | Got a twisted chain mail {god gift}
 16260 | D:13     | Identified the +3 chain mail of Okawaru's Supremacy {*Corrode rC+ Dex+6 SInv} (Okawaru gifted it to you on level 13 of the Dungeon)
 16360 | D:13     | Found a gate to the Vaults.
 16968 | D:14     | Reached skill level 16 in Shields
 16969 | D:14     | Found a blossoming altar of Fedhas.
 17524 | D:14     | Reached skill level 1 in Stealth
 17837 | D:14     | Found a runed gate.
 17837 | D:14     | Found a runed gate.
 17837 | D:14     | Found a runed gate.
 17842 | D:14     | Noticed a tengu reaver
 17844 | D:14     | Noticed a sphinx
 17852 | D:14     | Noticed a frost giant
 17874 | D:14     | Killed a tengu reaver
 17874 | D:14     | Reached skill level 1 in Invocations
 17881 | D:14     | Received a gift from Okawaru
 17887 | D:14     | Killed a frost giant
 17910 | D:14     | Reached skill level 17 in Shields
 17916 | D:14     | Killed a sphinx
 17922 | D:14     | Reached XP level 14. HP: 54/125 MP: 8/14
 17930 | D:14     | Got a shimmering silver ring
 17931 | D:14     | Got a brightly glowing plate armour {god gift}
 18191 | D:14     | Identified the +6 plate armour "Keluy" {Dex+4} (Okawaru gifted it to you on level 14 of the Dungeon)
 18192 | D:14     | Identified the ring of Yqasaxed {Fire MP+9} (You took it off a tengu reaver on level 14 of the Dungeon)
 18204 | D:14     | Found a runed gate.
 18204 | D:14     | Found a runed gate.
 18204 | D:14     | Found a runed gate.
 18212 | D:14     | Identified Qexixij's Catalogue of the Armadillo
 18275 | D:14     | Lost intelligence.
 18321 | D:14     | Lost intelligence.
 19650 | D:15     | Entered Level 15 of the Dungeon
 19718 | D:15     | Received a gift from Okawaru
 20141 | D:15     | Reached skill level 18 in Shields
 20527 | D:15     | Found a staircase to the Depths.
 20623 | D:15     | Found a shimmering altar of Xom.
 20747 | D:15     | Found a shimmering altar of Xom.
 20998 | D:13     | Noticed a vault warden
 21013 | D:13     | Killed a vault warden
 21374 | Orc:1    | Entered Level 1 of the Orcish Mines
 21374 | Orc:1    | Found Guceusch's Book Emporium.
 21374 | Orc:1    | Found Suarrut's General Store.
 21409 | Orc:1    | Found Bofoter's Weapon Boutique.
 21501 | Orc:1    | Found Deuxtorulu's Food Boutique.
 21651 | Orc:1    | Found Ycuapayx's Magic Scroll Shoppe.
 22017 | Orc:2    | Found a roughly hewn altar of Beogh.
 22194 | Orc:2    | Found Jeehyuwn's Book Shop.
 22846 | Orc:3    | Found a staircase to the Elven Halls.
 22972 | Orc:3    | Reached skill level 15 in Long Blades
 23091 | Orc:4    | Entered Level 4 of the Orcish Mines
 23243 | Orc:4    | Found a frozen archway.
 23386 | IceCv    | Entered an ice cave
 23927 | IceCv    | Reached XP level 15. HP: 132/134 MP: 15/15
 23970 | IceCv    | Received a gift from Okawaru
 23996 | IceCv    | Identified a +2 pair of boots of running (Okawaru gifted it to you in an ice cave)
 24056 | IceCv    | Noticed TugoseryaHuesosov's ghost (journeyman DrMo)
 24331 | IceCv    | Killed TugoseryaHuesosov's ghost
 24724 | IceCv    | Noticed a frost giant
 24755 | IceCv    | Killed a frost giant
 24755 | IceCv    | Reached skill level 19 in Shields
 24913 | IceCv    | Identified the Handbook of Cold
 25180 | IceCv    | Got a faintly humming helmet
 26096 | Orc:4    | Killed from afar by a ynoxinul

Action                   |  1- 3 |  4- 6 |  7- 9 | 10-12 | 13-15 || total
-------------------------+-------+-------+-------+-------+-------++-------
Melee: Long sword        |    97 |    40 |   590 |   919 |       ||  1646
       Falchion          |       |       |       |   270 |  1499 ||  1769
Invok: Heroism           |       |       |       |     4 |     4 ||     8
       Finesse           |       |       |       |       |     2 ||     2
  Use: Potion            |     1 |     1 |     4 |     2 |     2 ||    10
       Scroll            |       |       |    19 |     9 |     8 ||    36
  Eat: Chunk             |     2 |     2 |    20 |    21 |    30 ||    75
       Pizza             |       |       |       |     2 |     1 ||     3
       Beef jerky        |       |       |       |     2 |     1 ||     3
       Fruit             |       |       |       |     1 |     3 ||     4
       Royal jelly       |       |       |       |     1 |       ||     1
